Map: 2000 Atmospheres LE

Players

uThermal - Winner!

  • Race: Terran Terran

Harstem

  • Race: Protoss Protoss

Event: DreamHack SC2 Masters 2021 Winter

VOD

Have the link to the VOD?

Description

Time

  • Played on: Oct. 2, 2021, 12:20 p.m.
  • Length: 14:37

All games in this series

Show
View Real Time Build Order
Export as new Build Order

uThermal Terran - Winner!

Build Orders:  

Get SALT Encoding   

  12  0:00  SCV  
  13  0:12  SCV  
  14  0:17  Supply Depot  
  14  0:24  SCV  
  15  0:38  SCV  
  15  0:40  Barracks  
  15  0:42  Refinery  
  16  0:50  SCV  
  16  0:52  Refinery  
  17  1:02  SCV  
  18  1:14  SCV  
  19  1:27  Reaper, Orbital Command  
  19  1:31  Supply Depot  
  20  1:41  Factory  
  20  1:52  SCV  
  21  1:59  Reaper  
  22  2:04  SCV  
  23  2:17  SCV  
  23  2:21  Command Center  
  24  2:28  Hellion  
  24  2:29  SCV  
  27  2:33  Barracks Reactor  
  27  2:41  SCV  
  28  2:44  Starport  
  28  2:48  Supply Depot  
  28  2:52  Widow Mine  
  28  2:55  SCV  
  31  3:10  SCV, Marine x2  
  34  3:18  Factory Tech Lab  
  33  3:22  SCV  
  33  3:23  Viking  
  35  3:28  Marine x2  
  37  3:34  SCV  
  37  3:35  Orbital Command  
  37  3:41  Cyclone  
  39  3:46  Marine x2  
  39  3:47  SCV  
  42  3:57  Starport Tech Lab  
  42  3:59  SCV  
  42  4:01  SCV  
  44  4:03  Marine, Barracks  
  44  4:04  Marine  
  46  4:11  SCV  
  46  4:20  Raven  
  46  4:21  SCV  
  46  4:23  Siege Tank  
  52  4:25  Barracks  
  52  4:29  Supply Depot  
  52  4:30  Bunker  
  52  4:31  SCV  
  52  4:33  SCV  
  54  4:43  Supply Depot  
  54  4:50  SCV x2, Marine x2  
  58  4:53  Refinery, Engineering Bay  
  58  5:03  SCV x2  
  58  5:05  Supply Depot  
  60  5:08  Marine x2  
  60  5:09  Stimpack, Marine  
  63  5:15  SCV x2  
  63  5:19  Factory Reactor, Starport Reactor  
  65  5:21  Terran Infantry Weapons Level 1  
  65  5:24  Supply Depot, Marine  
  65  5:26  Marine  
  65  5:27  SCV  
  65  5:28  Marine  
  69  5:29  Marine  
  69  5:33  SCV  
  69  5:34  Missile Turret  
  71  5:37  Combat Shield  
  71  5:40  SCV  
  72  5:44  Marauder, Marine  
  72  5:46  Marine  
  72  5:48  Marauder  
  78  5:50  Supply Depot  
  78  5:51  SCV  
  78  5:53  SCV  
  78  5:56  Widow Mine x2  
  84  6:01  Supply Depot, Medivac  
  86  6:11  Medivac, SCV x2, Marine x2  
  86  6:13  Marauder  
  94  6:19  Supply Depot  
  94  6:22  Marauder, Widow Mine x2  
  100  6:27  Supply Depot  
  100  6:30  Marine  
  101  6:34  Supply Depot, Marine  
  102  6:40  Medivac, Marine  
  102  6:41  Supply Depot  
  102  6:43  Marine  
  102  6:44  Widow Mine  
  102  6:47  Medivac  
  110  6:49  Widow Mine, Marine, Supply Depot  
  110  6:52  Marine  
  114  6:58  Marine  
  115  7:04  Command Center  
  115  7:05  Widow Mine  
  115  7:06  Marine x2  
  119  7:10  Marine  
  119  7:11  Widow Mine  
  122  7:15  Terran Infantry Armor Level 1  
  122  7:23  Marauder, Marine  
  122  7:26  Barracks x2  
  122  7:27  Widow Mine  
  122  7:29  Medivac  
  129  7:32  Widow Mine  
  129  7:35  Supply Depot  
  131  7:38  SCV  
  67  7:51  Medivac  
  127  7:59  Medivac  
  127  8:01  Widow Mine  
  131  8:05  Widow Mine  
  131  8:06  Marine  
  131  8:07  Marauder  
  131  8:10  SCV  
  117  8:14  Marine  
  117  8:15  Marauder  
  109  8:22  Widow Mine  
  109  8:24  Marine  
  113  8:27  Widow Mine, Orbital Command  
  113  8:28  Marauder  
  113  8:32  SCV  
  114  8:34  Marine  
  114  8:36  Marauder  
  114  8:37  Medivac  
  102  8:44  Widow Mine, SCV  
  102  8:47  Marine, Orbital Command  
  108  8:48  Widow Mine  
  108  8:50  Marauder  
  108  8:52  SCV  
  112  8:56  SCV  
  112  8:58  Marauder  
  112  8:59  Barracks Tech Lab, Barracks Reactor  
  112  9:01  Refinery  
  114  9:04  SCV  
  114  9:05  Widow Mine  
  114  9:06  Medivac  
  114  9:07  Marine  
  114  9:08  SCV, Marine  
  122  9:10  Marine  
  122  9:17  Concussive Shells, SCV  
  117  9:18  Widow Mine  
  117  9:20  SCV  
  117  9:22  Marauder, Marine  
  114  9:25  Marine x2  
  114  9:28  Supply Depot  
  114  9:29  Marauder, SCV  
  119  9:32  SCV  
  119  9:36  Marine  
  121  9:40  Widow Mine, Marine  
  121  9:41  Widow Mine, SCV  
  121  9:42  Marine  
  121  9:43  Marine  
  121  9:44  Marauder, SCV  
  131  9:46  Medivac  
  125  9:53  SCV  
  125  9:56  SCV, Medivac  
  127  10:02  Widow Mine x2  
  123  10:07  SCV  
  123  10:08  Marauder, Marine  
  123  10:10  Marine x2  
  123  10:11  Marauder  
  125  10:16  SCV, Marine  
  125  10:17  Supply Depot  
  125  10:19  SCV, Marine  
  129  10:23  Widow Mine  
  129  10:24  Widow Mine  
  129  10:25  Marine  
  129  10:28  SCV  
  135  10:30  Marauder, Marine x2  
  135  10:32  SCV  
  135  10:34  Marine  
  143  10:38  Marauder  
  143  10:39  Liberator  
  143  10:40  SCV  
  143  10:44  Widow Mine  
  143  10:45  Widow Mine, SCV  
  143  10:48  Refinery  
  143  10:49  Refinery, Bunker  
  146  10:53  Marauder x2, Marine x2  
  146  10:56  SCV  
  150  10:58  Marine  
  150  10:59  Marauder  
  146  11:05  Liberator  
  146  11:09  Marine  
  148  11:11  Marine  
  148  11:15  Marauder, Ghost Academy  
  148  11:16  Widow Mine  
  154  11:18  Widow Mine  
  143  11:26  Marine  
  143  11:27  Marauder  
  149  11:33  SCV  
  149  11:37  Widow Mine  
  149  11:39  Marauder, Widow Mine, Marine x2  
  153  11:40  SCV  
  153  11:45  Marine  
  153  11:46  Marauder  
  157  11:50  Marauder, Marine  
  157  11:52  Medivac x2  
  145  11:55  SCV  
  145  11:57  Marine x2  
  145  11:59  Widow Mine  
  145  12:00  Marine  
  145  12:01  Widow Mine  
  147  12:03  Marine  
  147  12:07  Marauder  
  145  12:10  Missile Turret  
  145  12:13  Marine  
  145  12:14  Marauder  
  142  12:19  Marauder, Marine x2  
  142  12:20  Widow Mine  
  142  12:21  Medivac  
  142  12:22  Widow Mine  
  149  12:28  Armory  
  149  12:31  Ghost  
  148  12:37  Marauder, Marine  
  148  12:41  Widow Mine  
  148  12:42  Ghost  
  148  12:43  Marine x2  
  148  12:44  Widow Mine  
  157  12:45  Marine  
  155  12:54  Command Center  
  155  12:55  Missile Turret, Marine  
  154  12:59  Marauder  
  154  13:00  Marauder  
  154  13:01  Marine  
  154  13:04  Marine  
  160  13:09  SCV  
  160  13:11  Marauder  
  160  13:12  Medivac x2  
  159  13:13  Command Center  
  159  13:18  SCV  
  154  13:22  Barracks  
  154  13:23  Missile Turret  
  154  13:24  Barracks x2  
  154  13:31  Missile Turret  
  154  13:33  Marauder x2, Marine x2  
  160  13:41  Marine  
  160  13:42  Marauder, Medivac  
  160  13:46  Medivac  
Show
View Real Time Build Order
Export as new Build Order

Harstem Protoss 

Build Orders: 1 Gate Expand, Oracle Opening, Phoenix Opening 

Get SALT Encoding   

  12  0:00  Probe  
  13  0:12  Probe  
  14  0:17  Pylon  
  14  0:24  Probe  
  15  0:35  Gateway  
  15  0:36  Probe (Chrono Boost)  
  16  0:46  Assimilator, Probe (Chrono Boost)  
  17  0:51  Probe (Chrono Boost)  
  18  1:03  Probe  
  19  1:15  Probe  
  20  1:22  Cybernetics Core  
  20  1:35  Nexus  
  21  1:42  Pylon  
  21  1:45  Probe  
  21  1:51  Assimilator  
  21  1:57  Probe  
  21  1:58  Adept (Chrono Boost)  
  24  2:10  Probe  
  25  2:18  Stargate  
  25  2:22  Adept  
  27  2:24  Probe  
  28  2:33  Shield Battery  
  28  2:36  Probe (Chrono Boost)  
  29  2:39  Warp Gate  
  28  2:48  Probe (Chrono Boost)  
  28  2:49  Adept (Chrono Boost)  
  30  2:53  Probe (Chrono Boost)  
  30  2:54  Probe (Chrono Boost)  
  33  3:01  Probe  
  33  3:02  Probe  
  35  3:07  Oracle  
  38  3:13  Probe  
  38  3:19  Probe  
  40  3:25  Probe  
  41  3:28  Pylon  
  41  3:31  Probe  
  42  3:37  Probe  
  43  3:43  Probe  
  43  3:44  Gateway, Phoenix (Chrono Boost)  
  46  3:49  Probe  
  46  3:55  Probe, Pylon  
  48  4:01  Phoenix (Chrono Boost)  
  48  4:02  Probe  
  49  4:07  Probe  
  52  4:17  Nexus  
  52  4:20  Probe  
  52  4:22  Probe  
  54  4:24  Phoenix  
  54  4:26  Pylon  
  56  4:33  Probe  
  56  4:34  Twilight Council, Probe  
  58  4:39  Assimilator  
  58  4:40  Zealot  
  58  4:45  Probe  
  61  4:49  Phoenix, Probe  
  64  4:57  Probe  
  65  5:01  Probe  
  65  5:03  Pylon  
  65  5:04  Shield Battery  
  65  5:06  Charge (Chrono Boost)  
  66  5:09  Probe  
  66  5:10  Gateway  
  66  5:13  Probe  
  69  5:21  Probe  
  69  5:23  Zealot, Sentry  
  69  5:25  Probe  
  69  5:26  Pylon  
  74  5:30  Phoenix  
  74  5:31  Pylon  
  74  5:33  Probe x2  
  78  5:37  Gateway, Probe  
  79  5:45  Probe x2  
  79  5:48  Sentry  
  79  5:49  Zealot  
  85  5:51  Forge  
  85  5:52  Probe  
  85  5:55  Gateway  
  86  5:58  Phoenix  
  86  6:00  Probe  
  91  6:10  Gateway  
  90  6:11  Zealot x3  
  90  6:14  Assimilator  
  90  6:17  Protoss Ground Armor Level 1 (Chrono Boost)  
  95  6:21  Probe  
  95  6:23  Pylon  
  96  6:27  Gateway  
  96  6:30  Gateway  
  97  6:32  Zealot  
  97  6:33  Sentry  
  97  6:34  Pylon  
  97  6:35  Zealot  
  102  6:41  Zealot  
  102  6:45  Probe x2  
  106  6:49  Assimilator  
  106  6:50  Probe  
  106  6:53  Phoenix  
  107  7:00  Probe  
  108  7:04  Zealot x4  
  108  7:05  Templar Archives  
  108  7:06  Pylon  
  116  7:11  Zealot x2, Pylon  
  120  7:17  Probe  
  120  7:19  Robotics Facility  
  120  7:22  Zealot  
  123  7:25  Photon Cannon  
  123  7:30  Shield Battery  
  122  7:38  Zealot x7  
  122  7:43  High Templar  
  138  7:47  Probe  
  130  7:59  Zealot x7  
  100  8:13  Probe  
  100  8:15  Probe  
  100  8:19  Zealot x5  
  105  8:20  Zealot  
  96  8:37  Zealot x2  
  96  8:39  Probe x2  
  89  8:44  Phoenix  
  89  8:47  High Templar x3  
  89  8:48  High Templar  
  99  8:51  Zealot x2  
  99  8:52  Archon  
  101  8:56  Probe, Archon  
  101  8:57  Probe  
  101  9:01  Zealot  
  101  9:02  Photon Cannon  
  105  9:07  Zealot  
  101  9:13  Zealot  
  101  9:14  Zealot  
  89  9:24  Zealot x5  
  89  9:26  Shield Battery  
  89  9:30  Protoss Ground Weapons Level 1 (Chrono Boost)  
  99  9:32  Immortal (Chrono Boost), Sentry  
  99  9:36  Pylon  
  99  9:37  Assimilator  
  105  9:43  Sentry  
  105  9:44  Zealot  
  103  9:50  Zealot x3  
  103  9:51  Zealot x2  
  95  10:01  Zealot  
  95  10:04  Immortal  
  99  10:09  Zealot x2  
  97  10:15  Zealot x3, High Templar x2  
  97  10:17  Probe  
  107  10:21  Probe  
  107  10:26  Archon  
  107  10:29  Zealot x2  
  107  10:35  Zealot  
  109  10:38  Sentry  
  109  10:39  Zealot, Sentry  
  111  10:45  Immortal (Chrono Boost), Probe x2  
  111  10:47  Robotics Bay  
  115  10:55  Zealot x3  
  111  11:06  Zealot x5  
  113  11:18  Protoss Ground Weapons Level 2 (Chrono Boost)  
  113  11:25  Zealot x3  
  105  11:26  Immortal  
  105  11:27  Zealot x5  
  105  11:30  Probe  
  118  11:39  Probe  
  107  11:42  Sentry x3  
  107  11:45  Zealot x2  
  103  11:55  Stalker x3  
  99  12:02  Disruptor (Chrono Boost)  
  99  12:03  Zealot x3  
  108  12:12  Zealot x2  
  106  12:25  Sentry x2  
  106  12:26  Stalker x2  
  114  12:32  Nexus  
  106  12:45  Zealot x4  
  110  12:59  Probe  
  109  13:06  Pylon  
  109  13:14  Disruptor (Chrono Boost)  
  109  13:16  Pylon  
  104  13:26  High Templar  
  104  13:27  Stalker, Zealot x2, Sentry, High Templar  
  106  13:33  Archon  
  91  14:04  Zealot x4  
  91  14:05  Zealot x3  

Tags
 
Add a new tag
Caveats
  • Supply blocks, unpowered buildings, or Contaminate may cause inaccurate times.
  • Supply counts are checked every 10 seconds.